 Dungeon Crawl Stone Soup version 0.25.1-8-g42b30a86e7 (webtiles) character file.

Game seed: 9657164516023637601

120 4FPSwarrior the Sneak (level 5, -1/28 HPs)
             Began as a Vine Stalker Assassin on Dec 16, 2020.
             Slain by an iguana (7 damage)
             ... on level 4 of the Dungeon.
             The game lasted 00:10:08 (3409 turns).

4FPSwarrior the Sneak (Vine Stalker Assassin)       Turns: 3409, Time: 00:10:08

Health: -1/28      AC:  4    Str: 15    XL:     5   Next: 4%
Magic:  0/7        EV: 11    Int: 11    God:
Gold:   202        SH:  5    Dex: 15    Spells: 6/6 levels left

rFire    . . .     SeeInvis .   a - +2 dagger
rCold    . . .     Gourm    .   (no shield)
rNeg     + . .     Faith    .   b - +0 robe
rPois    .         Spirit   +   (no helmet)
rElec    .         Reflect  +   c - +0 cloak
rCorr    .         Harm     .   o - +0 pair of gloves
MR       .....                  (no boots)
Stlth    +++.......             k - amulet of reflection
HPRegen  0.49/turn              l - ring of positive energy
MPRegen  0.10/turn              (no ring)

@: no status effects
A: fangs 2, regeneration 1, magic shield, antimagic bite, no potion heal 3, rot
immunity
a: no special abilities


You were on level 4 of the Dungeon.
You were hungry.

You visited 1 branch of the dungeon, and saw 4 of its levels.

You collected 202 gold pieces.

Inventory:

Hand Weapons
 a - a +2 dagger (weapon)
Missiles
 d - 45 poisoned darts (quivered)
 e - 2 curare-tipped darts
Armour
 b - a +0 robe (worn)
 c - a +0 cloak (worn)
 o - a +0 pair of gloves (worn)
 s - a +0 helmet of see invisible
Jewellery
 k - an amulet of reflection (around neck)
 l - a ring of positive energy (left hand)
 m - an uncursed ring of flight {unknown}
Scrolls
 i - 3 scrolls of identify
 n - a scroll of enchant weapon {unknown}
 q - a scroll of amnesia {unknown}
 r - a scroll of teleportation {unknown}
 v - 4 scrolls of enchant armour {unknown}
Potions
 g - 3 potions of heal wounds {unknown}
 h - 2 potions of flight {unknown}
 j - 3 potions of degeneration {unknown}
 t - a potion of brilliance {unknown}
 u - a potion of haste {unknown}
Comestibles
 f - 6 rations


   Skills:
 + Level 3.1 Fighting
 * Level 3.3 Short Blades
 - Level 1.7 Throwing
 - Level 0.7 Dodging
 + Level 5.1 Stealth
 + Level 1.0 Spellcasting


You had 6 spell levels left.
You didn't know any spells.
Your spell library was empty.

Dungeon Overview and Level Annotations

Branches:
Dungeon (4/15)
 Temple: D:4-7

Altars:
Sif Muna

Annotations:
D:2 1 runed translucent door, Crazy Yiuf
D:4 Eustachio


Innate Abilities, Weirdness & Mutations

You have extremely sharp teeth.
Your natural rate of healing is unusually fast.
When hurt, damage is shared between your health and your magic reserves.
Your bite disrupts and absorbs the magic of your enemies.
Potions cannot restore your health.
You are immune to rotting.


Message History

The iguana bites you!
* * * LOW HITPOINT WARNING * * *
You barely miss the iguana.
The iguana is severely wounded.
The iguana barely misses you.
You hit the iguana but do no damage.
The iguana is severely wounded.
The iguana bites you!
* * * LOW HITPOINT WARNING * * *
Found a ration.
Press: ? - help, v - describe, . - travel
Here: an iguana (severely wounded)
A stone staircase leading up, spattered with blood.
You aren't carrying any items that you can evoke.
Unknown command.
Found a scroll labeled LIERUMO ROYMPI.
Found a stone staircase leading down.
An adder comes into view.
You block the iguana's attack. The iguana bites you!
You die...

#### >..####
#######.......
#.(.<......... #
#....#........
#.######........
#......#@.......
#.....l........
#..............
#.........%....
#..............
#####....?.####
.......#
........#
.........#


You could see an iguana.

Vanquished Creatures
  Terence (D:2)
  3 adders
  2 worms
  4 leopard geckos
  2 orcs (D:3)
  A ball python (D:1)
  4 giant cockroaches
  7 goblins
  6 hobgoblins
  3 kobolds
  2 quokkas (D:3)
  8 bats
  4 frilled lizards
  9 rats
56 creatures vanquished.

Vanquished Creatures (others)
  16 toadstools
16 creatures vanquished.

Grand Total: 72 creatures vanquished

Notes
Turn   | Place    | Note
-------+----------+-------------------------------------------
     0 | D:1      | 4FPSwarrior the Vine Stalker Assassin began the quest for
                  | the Orb.
     0 | D:1      | Reached XP level 1. HP: 11/11 MP: 2/2
   174 | D:1      | Reached XP level 2. HP: 13/15 MP: 3/3
  1293 | D:2      | Reached XP level 3. HP: 19/19 MP: 4/4
  1895 | D:2      | Found a runed translucent door.
  1896 | D:2      | Noticed Crazy Yiuf
  1987 | D:2      | Noticed Terence
  2008 | D:2      | Killed Terence
  2008 | D:2      | Reached skill level 5 in Stealth
  2008 | D:2      | Gained mutation: Your natural rate of healing is unusually
                  | fast. [Vine Stalker growth]
  2008 | D:2      | Reached XP level 4. HP: 13/23 MP: 3/5
  2771 | D:3      | Reached XP level 5. HP: 28/28 MP: 7/7
  2861 | D:3      | Reached skill level 1 in Spellcasting
  3115 | D:3      | Found a shimmering blue altar of Sif Muna.
  3328 | D:4      | Noticed Eustachio
  3399 | D:4      | HP: 1/28 [iguana (7)]
  3409 | D:4      | Slain by an iguana

Illustrated notes

Levels and vault maps discovered:
D:1:      ldierk_walled_garden_2, layout_basic
D:2:      minmay_spotlight, layout_loops_corners, uniq_terence,
          uniq_crazy_yiuf_cottage
D:3:      minmay_recursive_quarters, layout_basic, led_sif_pool
D:4:      cheibrodos_fertilizer, layout_basic, first_ration,
          serial_bayou_pond_b, columned_hall_lemuel,
          makhleb_blood_cavern_becter, uniq_ijyb, uniq_eustachio,
          uniq_blork_the_orc

Skill      XL: |  1  2  3  4  5 |
---------------+----------------+-----
Fighting       | 2 3 |  3.1
Short Blades   | 2 3 |  3.3
Stealth        | 5 |  5.1
Spellcasting   | 1 |  1.0
Throwing       | |  1.7
Dodging        | |  0.7

Action                   |  1- 3 |  4- 6 || total
-------------------------+-------+-------++-------
Melee: Dagger            |    76 |    53 ||   129
       Bite              |    16 |    14 ||    30
Throw: Dart              |     2 |     7 ||     9
  Use: Scroll            |     1 |       ||     1
 Stab: Sleeping          |    14 |     5 ||    19
  Eat: Chunk             |     3 |     4 ||     7
Armor: Robe              |    25 |     3 ||    28
Dodge: Dodged            |    37 |    14 ||    51
Block: Other             |     5 |     3 ||     8
